 Dungeon Crawl Stone Soup version 0.27.0-1-g7a089689b8 (webtiles) character file.

Game seed: 6130344556188338490

41 hatdisgam the Shield-Bearer (level 3, 0/19 HPs)
             Began as a Vine Stalker Fighter on Aug 6, 2021.
             Succumbed to an adder's poison
             ... on level 3 of the Dungeon.
             The game lasted 00:01:30 (1408 turns).

hatdisgam the Shield-Bearer (Vine Stalker Fighter)  Turns: 1408, Time: 00:01:31

Health: 0/19       AC:  9    Str: 19    XL:     3   Next: 52%
Magic:  4/4        EV:  9    Int:  8    God:
Gold:   67         SH:  0    Dex: 13    Spells: 2/2 levels left

rFire    . . .     SeeInvis .   a - +0 long sword
rCold    . . .     Faith    .   k - +0 buckler
rNeg     . . .     Spirit   +   b - +0 scale mail
rPois    .         Reflect  .   (no helmet)
rElec    .         Harm     .   (no cloak)
rCorr    .         Rampage  .   (no gloves)
Will     .....                  e - +2 pair of boots
Stlth    ..........             (no amulet)
HPRegen  0.06/turn              (no ring)
MPRegen  0.09/turn              (no ring)

@: confused, lethally poisoned (0 -> -4), ambrosia-drunk, hasted, very quick
A: fangs 2, magic shield, antimagic bite, no potion heal 2
a: no special abilities


You were on level 3 of the Dungeon.
You visited 1 branch of the dungeon, and saw 3 of its levels.

You collected 67 gold pieces.

Inventory:

Hand Weapons
 a - a +0 long sword (weapon)
Armour
 b - a +0 scale mail (worn)
 c - a +0 kite shield
 e - a +2 pair of boots (worn)
 k - a +0 buckler (worn)
Scrolls
 f - a scroll of fear {unknown}
 h - a scroll of identify {unknown}
 j - a scroll of amnesia {unknown}
Potions
 d - a potion of might
 l - a potion of attraction {unknown}


   Skills:
 - Level 2.6 Fighting
 * Level 3.0 Long Blades
 - Level 2.4 Armour
 + Level 3.1 Shields


You had 2 spell levels left.
You didn't know any spells.
Your spell library contained the following spells:

 Spells                   Type           Power      Damage    Failure   Level
 Animate Skeleton         Necr           0%         N/A       82%         1
 Pain                     Necr           0%         1d4       82%         1
 Vampiric Draining        Necr           0%         2d6       99%         3


Dungeon Overview and Level Annotations

Branches:
Dungeon (3/15)

Altars:
Kikubaaqudgha


Innate Abilities, Weirdness & Mutations

You have extremely sharp teeth.
When hurt, damage is shared between your health and your magic reserves.
Your bite disrupts and absorbs the magic of your enemies.
Potions cannot restore your health.


Message History

Unknown command.
You barely miss the adder. Your bite misses the adder.
You feel sick. The adder bites you but does no damage.
The giant cockroach bites you but does no damage.
The adder barely misses you.
Your scale mail prevents you from hitting the adder.
You feel sick. The giant cockroach closely misses you.
You riposte.
You barely miss the giant cockroach. Your bite misses the giant cockroach.
The adder completely misses you.
You riposte.
You closely miss the adder. Your bite misses the adder.
The giant cockroach bites you but does no damage.
The adder closely misses you.
You riposte.
You barely miss the adder. Your bite misses the adder. You hit the adder.
The adder is lightly wounded.
You feel sick. The adder bites you.
The giant cockroach bites you but does no damage.
The giant cockroach closely misses you. You block the adder's attack.
You barely miss the adder.
You feel sick.
You are no longer poisoned.
The adder barely misses you.
The giant cockroach bites you but does no damage.
Unknown command.
You hit the adder. Your bite misses the adder.
The adder is moderately wounded.
You block the adder's attack. The giant cockroach barely misses you.
The adder bites you.
* * * LOW HITPOINT WARNING * * *
The giant cockroach barely misses you.
Unknown command.
It was a potion of haste.
You feel yourself speed up. The adder bites you.
* * * LOW HITPOINT WARNING * * *
You are lethally poisoned!
The adder poisons you!
The giant cockroach bites you but does no damage.
Unknown command.
It was a potion of ambrosia.
You are confused.
Your system rejects the healing.
You feel invigorated.
You die...

......#
##+######.....#
#.............#
#.............#
#.............#
######........#....#
..............#....#
...........##.#....#
.....$B@...##.#<...#
......S.......######
................
..............##
..............#
...!..........#
##............#
#.......######


You could see an adder and a giant cockroach.

Vanquished Creatures
  A worm (D:2)
  A dart slug (D:2)
  2 endoplasms
  2 giant cockroaches (D:1)
  4 goblins
  3 hobgoblins
  3 jackals (D:1)
  3 kobolds
  2 quokkas (D:2)
  4 ball pythons
  2 bats (D:1)
  3 frilled lizards
  2 rats
32 creatures vanquished.

Notes
Turn   | Place    | Note
-------+----------+-------------------------------------------
     0 | D:1      | hatdisgam the Vine Stalker Fighter began the quest for the
                  | Orb.
     0 | D:1      | Reached XP level 1. HP: 11/11 MP: 2/2
   234 | D:1      | Reached XP level 2. HP: 10/16 MP: 3/3
   447 | D:1      | Found a faded altar of an unknown god.
   469 | D:1      | Found a faded altar of an unknown god.
   623 | D:2      | Reached XP level 3. HP: 10/19 MP: 4/4
   803 | D:2      | Found an ancient bone altar of Kikubaaqudgha.
  1408 | D:3      | Succumbed to an adder's poison

Illustrated notes

Levels and vault maps discovered:
D:1:      elethiomel_arrival_quiet, layout_rooms,
          hellmonk_ecumenical_altar_the_god_not_taken
D:2:      layout_loops_cross, basic_altar, minmay_domino_4
D:3:      layout_basic, mainiacjoe_overflow_paths, mainiacjoe_overflow_alcove_2

Skill      XL: |  1  2  3 |
---------------+----------+-----
Long Blades    | 2 3 |  3.0
Shields        | 3 |  3.1
Fighting       | |  2.6
Armour         | |  2.4

Action                   || total
-------------------------++-------
Melee: Long sword        ||    89
       Bite              ||    24
  Use: Potion            ||     2
Armor: Scale mail        ||    50
Dodge: Dodged            ||    44
Block: Kite shield       ||    42
       Buckler           ||     5
       Rpst.: Long sword ||    18
